Map: Romanticide LE

Players

DisK - Winner!

  • Race: Protoss Protoss

Asuna

  • Race: Protoss Protoss

VOD

Have the link to the VOD?

Description

Time

  • Played on: Oct. 10, 2021, 3:42 p.m.
  • Length: 7:37
Show
View Real Time Build Order
Export as new Build Order

DisK Protoss - Winner!

Build Orders:  

Get SALT Encoding   

  12  0:00  Probe  
  13  0:12  Probe  
  14  0:17  Pylon  
  14  0:24  Probe  
  15  0:35  Gateway  
  15  0:37  Probe (Chrono Boost)  
  16  0:46  Assimilator, Probe (Chrono Boost)  
  17  0:51  Probe (Chrono Boost)  
  17  0:54  Assimilator  
  18  1:03  Probe (Chrono Boost)  
  19  1:09  Gateway  
  19  1:14  Probe (Chrono Boost)  
  20  1:18  Probe (Chrono Boost)  
  20  1:25  Cybernetics Core  
  21  1:29  Probe  
  22  1:36  Pylon  
  22  1:41  Probe  
  24  1:54  Probe  
  24  1:58  Warp Gate (Chrono Boost)  
  24  2:01  Stalker x2  
  26  2:06  Probe  
  29  2:13  Pylon  
  29  2:24  Pylon  
  29  2:33  Sentry  
  29  2:34  Stalker  
  32  2:53  Nexus  
  32  3:03  Stalker  
  34  3:09  Robotics Facility  
  34  3:16  Pylon  
  34  3:24  Shield Battery  
  34  3:29  Shield Battery  
  34  3:50  Stalker x2  
  34  3:54  Immortal (Chrono Boost)  
  42  4:06  Probe x2  
  42  4:09  Gateway  
  42  4:15  Sentry x2  
  46  4:19  Probe  
  46  4:20  Probe  
  48  4:37  Probe  
  51  4:39  Probe  
  52  4:46  Shield Battery  
  52  4:49  Observer (Chrono Boost)  
  52  4:50  Pylon  
  52  4:51  Pylon  
  48  5:08  Observer (Chrono Boost)  
  49  5:15  Probe (Chrono Boost)  
  49  5:21  Stalker, Probe (Chrono Boost)  
  53  5:25  Probe (Chrono Boost)  
  56  5:28  Probe (Chrono Boost)  
  56  5:29  Probe (Chrono Boost)  
  56  5:35  Pylon  
  57  5:36  Twilight Council  
  57  5:39  Probe  
  57  5:40  Warp Prism (Chrono Boost)  
  57  5:41  Observer, Probe, Pylon  
  60  5:51  Probe  
  60  5:53  Probe  
  62  6:00  Stalker x2  
  62  6:03  Stalker x2, Probe  
  67  6:05  Stalker  
  67  6:06  Probe  
  67  6:08  Assimilator  
  70  6:19  Shield Battery x2  
  70  6:23  Observer, Zealot  
  70  6:24  Zealot  
  74  6:29  Stalker x2  
  74  6:30  Shield Battery  
  74  6:31  Zealot, Pylon  
  76  6:39  Shield Battery  
  74  6:48  Immortal (Chrono Boost)  
  74  6:50  Zealot x2  
  74  6:53  Stalker  
  84  6:56  Pylon  
  80  7:11  Stalker x2  
  80  7:18  Stalker  
Show
View Real Time Build Order
Export as new Build Order

Asuna Protoss 

Build Orders: Zealot Archon, Archon Drop, Dark Templar Rush 

Get SALT Encoding   

  12  0:00  Probe  
  13  0:12  Probe  
  14  0:17  Pylon  
  14  0:24  Probe  
  15  0:37  Gateway, Probe (Chrono Boost)  
  16  0:47  Assimilator, Probe (Chrono Boost)  
  17  0:52  Probe (Chrono Boost)  
  17  0:55  Assimilator  
  18  1:03  Probe (Chrono Boost)  
  19  1:07  Gateway  
  19  1:15  Probe (Chrono Boost)  
  20  1:20  Probe (Chrono Boost)  
  20  1:24  Cybernetics Core  
  21  1:29  Probe  
  22  1:35  Pylon  
  22  1:43  Probe  
  23  2:01  Pylon  
  23  2:02  Adept x2  
  23  2:03  Warp Gate  
  23  2:08  Pylon  
  27  2:13  Probe  
  28  2:21  Twilight Council  
  28  2:31  Robotics Facility  
  28  2:54  Shield Battery  
  28  3:03  Dark Shrine  
  28  3:05  Stalker  
  30  3:14  Pylon  
  30  3:17  Immortal (Chrono Boost)  
  34  3:27  Pylon  
  34  3:42  Stalker  
  35  3:48  Warp Prism (Chrono Boost)  
  35  4:07  Gateway  
  35  4:10  Charge  
  35  4:37  Dark Templar x2  
  39  4:44  Pylon  
  35  5:04  Immortal (Chrono Boost)  
  38  5:11  Archon  
  36  5:27  Zealot x3  
  42  5:29  Pylon  
  42  5:35  Immortal (Chrono Boost)  
  46  5:51  Dark Templar  
  46  5:53  Zealot  
  46  5:54  Pylon  
  50  6:01  Dark Templar  
  52  6:13  Archon  
  52  6:17  Zealot  
  54  6:19  Gateway  
  54  6:24  Zealot  
  56  6:35  Zealot  
  55  6:41  Sentry  
  55  6:45  Sentry  
  59  6:56  Zealot  
  61  7:06  Zealot  
  57  7:14  Zealot x2  
  51  7:21  Zealot  
  41  7:27  Zealot  
Tags
 
Add a new tag
Caveats
  • Supply blocks, unpowered buildings, or Contaminate may cause inaccurate times.
  • Supply counts are checked every 10 seconds.